 Dungeon Crawl Stone Soup version 0.17.0-26-gececa24 (webtiles) character file.

117 Gravenous the Grave Robber (level 5, -1/28 HPs)
             Began as a Tengu Necromancer on Nov 20, 2015.
             Shot with an arrow by a centaur (17 damage)
             ... on level 3 of the Dungeon.
             The game lasted 00:05:50 (3410 turns).

Gravenous the Grave Robber (Tengu Necromancer)      Turns: 3410, Time: 00:05:51

Health: -1/28      AC:  2    Str:  8    XL:     5   Next: 1%
Magic:  9/9        EV: 12    Int: 16    God:
Gold:   74         SH:  0    Dex: 15    Spells: 3 memorised, 2 levels left

rFire  . . .     SeeInvis .     n - -1 dagger (curse)
rCold  . . .     Clarity  .     a - +0 robe
rNeg   . . .     SustAt   .     (no shield)
rPois  +         Gourm    .     (helmet restricted)
rElec  .         Spirit   .     (no cloak)
rCorr  .         Warding  .     (no gloves)
rMut   .         Stasis   .     (boots unavailable)
MR     .....                    (no amulet)
Stlth  ++........               (no ring)
                                k - ring of poison resistance

@: not resistant to hostile enchantments, unstealthy
A: beak, talons 3, able to fly 1
a: Fly


You were on level 3 of the Dungeon.
You were near starving.

You visited 1 branch of the dungeon, and saw 3 of its levels.

You collected 74 gold pieces.

Inventory:

Hand Weapons
 n - a cursed -1 dagger (weapon)
Missiles
 i - 28 poisoned needles
Armour
 a - a +0 robe (worn)
Jewellery
 k - a ring of poison resistance (left hand)
Scrolls
 e - a scroll of teleportation {unknown}
 f - 4 scrolls of identify {unknown}
 g - a scroll of magic mapping {unknown}
 h - a scroll of amnesia {unknown}
 j - 2 scrolls of random uselessness {unknown}
 l - a scroll of enchant armour {unknown}
 s - 2 scrolls of blinking {unknown}
Potions
 d - a potion of curing {unknown}
 m - a potion of ambrosia {unknown}
 o - a potion of might {unknown}
 p - a potion of cancellation {unknown}
 q - a potion of poison {unknown}
 r - a potion of brilliance {unknown}
Books
 b - a book of Necromancy

   Spells                             Type                      Level
   a - Pain                           Necromancy                   1
   b - Animate Skeleton               Necromancy                   1
   c - Vampiric Draining              Necromancy                   3
   d - Regeneration                   Charms/Necromancy            3
   e - Animate Dead                   Necromancy                   4
   f - Control Undead                 Necromancy                   4
Comestibles
 c - a bread ration
 t - a slice of pizza


   Skills:
 - Level 2.1 Dodging
 + Level 3.4 Stealth
 - Level 2.5 Spellcasting
 * Level 1.4 Charms
 - Level 5.2 Necromancy


You had 2 spell levels left.
You knew the following spells:

 Your Spells              Type           Power        Failure   Level  Hunger
a - Pain                  Necr           ###.         2%          1    #......
b - Vampiric Draining     Necr           ###.......   10%         3    ###....
c - Regeneration          Chrm/Necr      ##........   17%         3    ###....


Dungeon Overview and Level Annotations

Branches:
Dungeon (3/15)

Altars:
Okawaru
Qazlal
Sif Muna

Annotations:
D:3 exclusion: centaur


Innate Abilities, Weirdness & Mutations

You have a beak for a mouth.
You have claws for feet.
You can fly.


Message History

You start resting.
Magic restored.
You start resting.
HP restored.
There is a stone staircase leading down here.
You climb downwards.
Level annotation: exclusion: centaur
There is a stone staircase leading up here.
Really walk into a travel-excluded area?
The centaur shouts!
The centaur wields a shortbow.
The centaur shoots an arrow.
The arrow barely misses you.
You see here an arrow.
The centaur shoots an arrow.
The arrow closely misses you.
You see here an arrow.
The centaur shoots an arrow.
The arrow hits you!
You see here an arrow.
The centaur shoots an arrow.
The arrow hits you!
Ouch! That really hurt!
You die...

### #..# ..# #..#
#.# #..# .###..#
.#.... ...c..#
####### ###....
......####
####...#####.....##
.......((.#....@..#
####...##c(........#
##.. ##.........#
#.. ##.......## ##.
##.....## #. #######
.. ..


You could see a centaur.

Vanquished Creatures
  5 adders
  4 worms
  4 giant geckos
  5 bats
  7 goblins
  9 hobgoblins
  3 jackals (D:1)
  8 kobolds
  3 ball pythons
  A giant newt (D:3)
  3 quokkas
  11 rats
63 creatures vanquished.

Notes
Turn   | Place    | Note
--------------------------------------------------------------
     0 | D:1      | Gravenous the Tengu Necromancer began the quest for the Orb.
     0 | D:1      | Reached XP level 1. HP: 10/10 MP: 4/4
   279 | D:1      | Reached XP level 2. HP: 13/15 MP: 4/6
  1083 | D:1      | Reached XP level 3. HP: 11/19 MP: 1/7
  1088 | D:1      | Learned a level 3 spell: Vampiric Draining
  1571 | D:2      | Reached skill level 5 in Necromancy
  1672 | D:1      | Reached XP level 4. HP: 21/24 MP: 4/8
  1678 | D:1      | Learned a level 3 spell: Regeneration
  2036 | D:2      | Found an iron altar of Okawaru.
  2258 | D:3      | Reached skill level 1 in Charms
  2769 | D:2      | Found a deep blue altar of Sif Muna.
  2992 | D:3      | Noticed a centaur
  3033 | D:3      | Found a stormy altar of Qazlal.
  3177 | D:3      | Gained mutation: You can fly. [Tengu growth]
  3177 | D:3      | Reached XP level 5. HP: 22/28 MP: 5/9
  3178 | D:3      | Noticed an ogre
  3410 | D:3      | Shot with an arrow by a centaur

Action                   |  1- 3 |  4- 6 || total
-------------------------+-------+-------++-------
Melee: Unarmed           |     2 |     9 ||    11
       Dagger            |       |     6 ||     6
 Cast: Pain              |    50 |    77 ||   127
 Stab: Sleeping          |     1 |     1 ||     2
  Eat: Chunk             |     3 |     4 ||     7
